 Dungeon Crawl Stone Soup version 0.30-a0-585-g93115170b9 (webtiles) character file.

Game seed: 5413065573463263610

1794 Neon14 the Chopper (level 8, -1/54 (56) HPs)
             Began as a Demonspawn Berserker on Jan 3, 2023.
             Was a Priest of Trog.
             Slain by a wight
             ... wielding a +0 scimitar
              (9 damage)
             ... on level 6 of the Dungeon.
             The game lasted 00:11:21 (4566 turns).

Neon14 the Chopper (Demonspawn Berserker)           Turns: 4566, Time: 00:11:21

HP:   -1/54 (56)    AC: 11    Str: 25    XL:     8   Next: 82%
MP:   8/8           EV: 14    Int:  9    God:    Trog [***...]
Gold: 335           SH:  0    Dex: 16    Spells: 7/7 levels left

rFire   . . .      SeeInvis .    a - +1 hand axe
rCold   . . .      Faith    .    (no shield)
rNeg    + . .      Spirit   .    p - +1 ring mail of Susus {Str+6 Dex-3}
rPois   .          Reflect  .    r - +0 helmet
rElec   .          Harm     .    (no cloak)
rCorr   .          Rampage  .    n - +1 pair of gloves
Will    ++...                    (no boots)
Stlth   +                        (no amulet)
HPRegen 1.29/turn                f - +6 ring of dexterity
MPRegen 0.22/turn                m - ring of positive energy

@: strong-willed, on berserk cooldown, regenerating, slowed, lightly drained,
very slow
A: molten scales 1, spiny 2, magic regeneration, weakness stinger 1, frail 1
a: Renounce Religion, Berserk, Trog's Hand


You were on level 6 of the Dungeon.
You worshipped Trog.
Trog was most pleased with you.
You visited 1 branch of the dungeon, and saw 6 of its levels.
You also visited: Sewer.

You collected 335 gold pieces.

Inventory:

Hand Weapons
 a - a +1 hand axe (weapon)
Armour
 n - a +1 pair of gloves (worn)
 p - the +1 ring mail of Susus (worn) {Str+6 Dex-3}
   (You found it on level 4 of the Dungeon)

   Str:       It affects your strength (+6).
   Dex:       It affects your dexterity (-3).
 r - a +0 helmet (worn)
Jewellery
 f - a +6 ring of dexterity (left hand)
 m - a ring of positive energy (right hand)
Wands
 o - a wand of paralysis (15)
 s - a wand of digging (1)
Scrolls
 e - 2 scrolls of teleportation
 h - 6 scrolls of identify
 k - a scroll of fog
 t - a scroll of enchant weapon
Potions
 b - 2 potions of magic
 d - 3 potions of brilliance
 i - a potion of attraction


   Skills:
 + Level 5.5 Fighting
 + Level 7.9 Axes
 - Level 1.9 Armour
 * Level 6.2 Dodging


You had 7 spell levels left.
You didn't know any spells.
Your spell library was empty.

Dungeon Overview and Level Annotations

Branches:
Dungeon (6/15)             Temple (0/1) D:4           Sewer (visited)

Altars:
Cheibriados
Dithmenos
Nemelex Xobeh

Shops:
D:1 [

Annotations:
D:6 1 runed translucent door, Crazy Yiuf


Innate Abilities, Weirdness & Mutations

You are partially covered in molten scales. (AC +2)
You are mostly covered in sharp spines.
You regenerate magic rapidly.
You have a small tail.
You are frail. (-10% HP)


Message History

Trog accepts your kill.
You hit the wight. Sigmund gestures at you while chanting.
The magic dart hits you but does no damage.
Your life force feels restored.
You slash Sigmund!
Your tail-slap misses Sigmund.
Sigmund is almost dead.
You slash the wight! The wight hits you with a +3 scimitar!
You partially resist.
You feel drained.
You hit Sigmund.
You kill Sigmund!
Trog accepts your kill.
Trog appreciates your killing of a magic user.
You hit the wight.
You destroy the wight!
Trog accepts your kill.
Your life force feels restored.
Your Dodging skill increases to level 6!
Things that are here:
a +0 scythe; a +0 robe; 2 sedimented brown potions You feel a strong urge to attack something.
You are no longer berserk.
You are exhausted.
You feel yourself slow down. The wight is struck by your spines.
The wight hits you with a +5 spear. You partially resist.
You feel drained. The wight hits you with a +0 scimitar.
You hit the wight. You tail-slap the wight.
The wight is heavily damaged.
You hit the wight. You barely miss the wight.
The wight hits you but does no damage. The wight hits you with a +5 spear.
The wight hits you with a +0 scimitar.
* * * LOW HITPOINT WARNING * * *
You partially resist.
You feel drained.
You closely miss the wight.
Your tail-slap misses the wight.
The wight is heavily damaged.
You hit the wight. x2; The wight is struck by your spines.
The wight misses you. The wight hits you with a +5 spear!
* * * LOW HITPOINT WARNING * * *
The wight is struck by your spines. The wight hits you with a +0 scimitar!
You die...

.#.#..############
#.#.#
.#.#.............#
#<#.#
........########.#
#.#.#
...<.............#
#.#.#
#####.##########.###.#
#.# #..))...# #.#
#.#†)#### ## ...
#.#)z# #. #.. # #@.#
#. #zz# #. #.... #.
#..### #. .... #.
...## #. ##.# #. .. #.
#.


You could see 3 wights.

Vanquished Creatures
  A hornet (D:6)
  Sigmund (D:6)
  Duvessa (D:6)
  An orc warrior (D:6)
  A centaur (D:6)
  An ogre (D:6)
  A bullfrog (D:6)
  2 scorpions (D:5)
  2 necrophages (D:5)
  2 wights (D:6)
  Dowan (D:6)
  A howler monkey (D:5)
  2 hounds (D:5)
  2 jellies
  3 orc priests
  5 iguanas
  10 adders
  6 river rats
  A white imp (D:6)
  An ufetubus (D:5)
  3 worms
  6 dart slugs
  12 orcs
  6 endoplasms
  3 giant cockroaches
  5 goblins
  3 hobgoblins (D:1)
  3 jackals (Sewer)
  7 kobolds
  3 quokkas
  6 ball pythons
  6 bats
  6 frilled lizards
  6 rats
120 creatures vanquished.

Notes
Turn   | Place    | Note
-------+----------+-------------------------------------------
     0 | D:1      | Neon14 the Demonspawn Berserker began the quest for the
                  | Orb.
     0 | D:1      | Reached XP level 1. HP: 18/18 MP: 1/1
   132 | D:1      | Gained mutation: You are partially covered in sharp spines.
                  | [demonic ancestry]
   132 | D:1      | Reached XP level 2. HP: 24/24 MP: 2/2
   133 | D:1      | Found a faded altar of an unknown god.
   154 | D:1      | Reached skill level 3 in Axes
   326 | D:1      | Found Caclutiup's Antique Armour Boutique.
  1101 | D:2      | Reached XP level 3. HP: 29/29 MP: 3/3
  1185 | D:2      | Reached ** piety under Trog
  1209 | D:2      | Gained mutation: You regenerate magic rapidly. [demonic
                  | ancestry]
  1209 | D:2      | Reached XP level 4. HP: 26/36 MP: 4/4
  1497 | D:3      | Found a shadowy altar of Dithmenos.
  2028 | D:4      | Found a snail-covered altar of Cheibriados.
  2123 | D:4      | Gained mutation: A frigid envelope surrounds you and
                  | freezes all who hurt you. [potion of mutation]
  2123 | D:4      | Gained mutation: You sometimes lose your temper in combat.
                  | [potion of mutation]
  2124 | D:4      | Lost mutation: You sometimes lose your temper in combat.
                  | [potion of mutation]
  2124 | D:4      | Lost mutation: A frigid envelope surrounds you and freezes
                  | all who hurt you. [potion of mutation]
  2124 | D:4      | Gained mutation: You have a pair of small antennae on your
                  | head. [potion of mutation]
  2124 | D:4      | Gained mutation: You are frail. (-10% HP) [potion of
                  | mutation]
  2124 | D:4      | Gained mutation: Your movements are slightly less
                  | encumbered by armour. (ER -2) [potion of mutation]
  2125 | D:4      | Lost mutation: Your movements are slightly less encumbered
                  | by armour. (ER -2) [potion of mutation]
  2125 | D:4      | Lost mutation: You are frail. (-10% HP) [potion of
                  | mutation]
  2125 | D:4      | Lost mutation: You have a pair of small antennae on your
                  | head. [potion of mutation]
  2125 | D:4      | Gained mutation: You have large cloven feet. [potion of
                  | mutation]
  2125 | D:4      | Gained mutation: You have hidden genetic potential. [potion
                  | of mutation]
  2125 | D:4      | Gained mutation: Your spells are a little harder to cast,
                  | but a little more powerful. [potion of mutation]
  2125 | D:4      | Gained mutation: You have great hidden genetic potential.
                  | [potion of mutation]
  2185 | D:4      | Found a sparkling altar of Nemelex Xobeh.
  2348 | D:4      | Reached skill level 4 in Axes
  2548 | D:4      | Identified the +1 ring mail of Susus {Str+6 Dex-3}
  2679 | D:4      | Found a staircase to the Ecumenical Temple.
  2784 | D:5      | Entered Level 5 of the Dungeon
  2792 | D:5      | Gained mutation: You have a small tail. [demonic ancestry]
  2792 | D:5      | Reached XP level 5. HP: 40/42 MP: 5/5
  2810 | D:5      | Gained mutation: You are agile. (Dex +4, Str/Int -1)
                  | [hidden potential]
  3001 | D:5      | Found a glowing drain.
  3009 | Sewer    | Entered a sewer
  3204 | Sewer    | Reached *** piety under Trog
  3209 | Sewer    | Gained mutation: You are partially covered in molten
                  | scales. (AC +2) [demonic ancestry]
  3209 | Sewer    | Reached XP level 6. HP: 48/48 MP: 6/6
  3322 | D:5      | Reached skill level 5 in Axes
  3343 | D:5      | Gained mutation: Your spells are harder to cast, but more
                  | powerful. [hidden potential]
  3343 | D:5      | Lost mutation: You have great hidden genetic potential.
                  | [hidden potential expressed]
  3480 | D:5      | Reached XP level 7. HP: 55/55 MP: 7/7
  3480 | D:5      | Lost mutation: Your spells are harder to cast, but more
                  | powerful. [potion of mutation]
  3480 | D:5      | Lost mutation: You have hidden genetic potential. [potion
                  | of mutation]
  3480 | D:5      | Gained mutation: You are frail. (-10% HP) [potion of
                  | mutation]
  3480 | D:5      | Lost mutation: You have large cloven feet. [potion of
                  | mutation]
  3480 | D:5      | Gained mutation: Your mind is acute. (Int +4, Str/Dex -1)
                  | [potion of mutation]
  3481 | D:5      | Lost mutation: Your spells are a little harder to cast, but
                  | a little more powerful. [potion of mutation]
  3481 | D:5      | Lost mutation: You are agile. (Dex +4, Str/Int -1) [potion
                  | of mutation]
  3481 | D:5      | Lost mutation: Your mind is acute. (Int +4, Str/Dex -1)
                  | [potion of mutation]
  3481 | D:5      | Gained mutation: You are clumsy. (Dex -2) [potion of
                  | mutation]
  3481 | D:5      | Lost mutation: You are clumsy. (Dex -2) [potion of
                  | mutation]
  3595 | D:5      | Reached skill level 6 in Axes
  4054 | D:6      | Found a runed translucent door.
  4055 | D:6      | Noticed Crazy Yiuf
  4201 | D:6      | Noticed a hornet
  4213 | D:6      | HP: 2/49 [poisoned by a hornet]
  4221 | D:6      | Gained mutation: You are mostly covered in sharp spines.
                  | [demonic ancestry]
  4221 | D:6      | Reached XP level 8. HP: 27/54 MP: 8/8
  4223 | D:6      | Reached skill level 5 in Dodging
  4225 | D:6      | Killed a hornet
  4226 | D:6      | Reached skill level 5 in Fighting
  4226 | D:6      | Reached skill level 7 in Axes
  4545 | D:6      | Noticed Duvessa
  4545 | D:6      | Noticed Dowan
  4550 | D:6      | Killed Dowan
  4550 | D:6      | Noticed Sigmund
  4555 | D:6      | Killed Duvessa
  4562 | D:6      | Killed Sigmund
  4566 | D:6      | Slain by a wight

Illustrated notes

Levels and vault maps discovered:
D:1:      wander_arrival_estate, layout_loops_ring,
          hellmonk_ecumenical_altar_prayer_group, serial_shops, shop
D:2:      layout_loops_ring, kennysheep_pointless_box
D:3:      layout_basic, mainiacjoe_overflow_alcove_1,
          dreamdust_mushroom_princess, grunt_decor_one_mirror
D:4:      layout_basic, kennysheep_mini, cheibriados_altar_1,
          minmay_temple_entry_mist
D:5:      layout_basic, nicolae_overflow_hidden_temple, gup_sewer_entry_bubbles
D:6:      layout_loops_ring, kennysheep_little_box, grunt_ministairs_2,
          uniq_crazy_yiuf_cottage, uniq_duvessa, uniq_sigmund

Skill      XL: |  1  2  3  4  5  6  7  8 |
---------------+-------------------------+-----
Axes           | 3 4 5 6 7 |  7.9
Dodging        | 2 3 4 6 |  6.2
Fighting       | 4 5 |  5.5
Armour         | |  1.9

Action                   |  1- 3 |  4- 6 |  7- 9 || total
-------------------------+-------+-------+-------++-------
Melee: Hand axe          |    45 |   136 |    73 ||   254
       Kick              |       |    26 |       ||    26
       Punch             |       |     1 |       ||     1
       Tailslap          |       |    10 |    12 ||    22
Invok: Berserk           |     1 |       |     2 ||     3
       Trog's Hand       |       |       |     1 ||     1
  Use: Scroll            |     3 |     7 |     1 ||    11
       Potion            |       |     3 |     6 ||     9
Armor: Ring mail         |     4 |    43 |    30 ||    77
       Animal skin       |     1 |       |       ||     1
       Robe              |     2 |       |       ||     2
Dodge: Dodged            |    21 |    76 |    46 ||   143

Table legend: (Time is in decaauts)
 A = Elapsed time spent in this place.
 B = Non-inter-level travel time spent in this place.
 C = Inter-level travel time spent in this place.
 D = Time resting spent in this place.
 E = Time spent auto-exploring this place.
 F = Levels seen in this place.
 G = Mean time per level.
                   A        B        C        D        E       F      G
               +--------+--------+--------+--------+--------+-----+--------+
         Total |   4681 |   4456 |    225 |    270 |   3363 |   7 |  668.7 |
       Dungeon |   4387 |   4162 |    225 |    270 |   3202 |   6 |  731.2 |
         Sewer |    293 |    293 |      0 |      0 |    160 |   1 |  293.0 |
               +--------+--------+--------+--------+--------+-----+--------+

Top non-repeatable levels by time:
     D:5: 801 daAuts
     D:6: 782 daAuts
     D:2: 771 daAuts
     D:4: 757 daAuts
     D:1: 665 daAuts
     D:3: 610 daAuts
   Sewer: 293 daAuts
